 Dungeon Crawl Stone Soup version 0.30-a0-358-g0d69a1922f (webtiles) character file.

Game seed: 18250326594144869861

14 Bnni the Shield-Bearer (level 2, 0/24 HPs)
             Began as a Formicid Fighter on Nov 10, 2022.
             Slain by a kobold
             ... wielding a +0 whip of electrocution
              (18 damage)
             ... on level 1 of the Dungeon.
             The game lasted 00:00:41 (464 turns).

Bnni the Shield-Bearer (Formicid Fighter)            Turns: 464, Time: 00:00:42

Health: 0/24       AC:  6    Str: 20    XL:     2   Next: 60%
Magic:  2/2        EV:  9    Int:  7    God:
Gold:   8          SH:  5    Dex: 13    Spells: 1/1 levels left

rFire   . . .      SeeInvis +    a - +0 trident
rCold   . . .      Faith    .    c - +0 buckler
rNeg    . . .      Spirit   .    b - +0 scale mail
rPois   .          Reflect  .    (helmet unavailable)
rElec   .          Harm     .    (no cloak)
rCorr   .          Rampage  .    (no gloves)
Will    +....                    (no boots)
Stlth   ..........               (no amulet)
HPRegen 0.24/turn                g - ring of willpower
MPRegen 0.08/turn                (no ring)

@: no status effects
A: permanent stasis, dig shafts and tunnels, antennae 3, four strong arms
a: Dig, Shaft Self


You were on level 1 of the Dungeon.
You visited 1 branch of the dungeon, and saw 1 of its levels.

You collected 8 gold pieces.

Inventory:

Hand Weapons
 a - a +0 trident (weapon)
Armour
 b - a +0 scale mail (worn)
 c - a +0 buckler (worn)
Jewellery
 e - a ring of fire
 g - a ring of willpower (left hand)
Scrolls
 f - a scroll of brand weapon {unknown}
Potions
 d - a potion of might
 h - a potion of curing {unknown}
 i - a potion of heal wounds {unknown}


   Skills:
 + Level 3.5 Fighting
 * Level 2.5 Polearms
 - Level 3.2 Armour
 + Level 4.3 Shields


You had one spell level left.
You didn't know any spells.
Your spell library contained the following spells:

 Spells                   Type           Power      Damage    Failure   Level
 Sandblast                Erth           0%         2d4       85%         1
 Passwall                 Tmut/Erth      0%         N/A       94%         2
 Gell's Gravitas          Tloc           0%         N/A       99%         3
 Lesser Beckoning         Tloc           0%         N/A       99%         3
 Stone Arrow              Conj/Erth      0%         3d7       99%         3
 Summon Guardian Golem    Hex/Summ       0%         N/A       99%         3
 Teleport Other           Tloc           0%         N/A       99%         3
 Orb of Destruction       Conj           0%         9d5       100%        7
 Spellforged Servitor     Conj/Summ      0%         N/A       100%        7


Dungeon Overview and Level Annotations

Branches:
Dungeon (1/15)

Altars:


Innate Abilities, Weirdness & Mutations

You cannot be hasted, slowed, berserked, paralysed or teleported.
You can dig through walls and to a lower floor.
You have a pair of large antennae on your head. (SInv)
Your four strong arms can wield two-handed weapons with a shield.


Message History

The endoplasm completely misses you.
You hit the endoplasm.
The endoplasm is almost dead.
The endoplasm barely misses you.
You hit the endoplasm but do no damage.
The endoplasm is almost dead.
The endoplasm freezes you.
You are frozen.
The endoplasm freezes you.
You are frozen.
You puncture the endoplasm!
You kill the endoplasm!
Found an escape hatch in the floor.
No target in view!
Found a stone.
h - a yellow potion
i - an emerald potion No target in view!
No target in view!
Things that are here:
a +0 dagger; a kobold corpse You sense a monster nearby.
You open the door.
A kobold comes into view.
It is wielding a +0 whip of electrocution.
The kobold shouts!
You hear a shout!
A hobgoblin comes into view.
The kobold throws a stone.
You block the stone.
Found 14 gold pieces.
There are monsters nearby!
There is an open door here.
You miss the kobold. You block the kobold's attack.
You hit the kobold but do no damage.
The kobold hits you with a +0 whip of electrocution.
You closely miss the kobold. The kobold barely misses you.
You barely miss the kobold. The kobold barely misses you.
You block the hobgoblin's attack.
The kobold hits you with a +0 whip of electrocution.
You are electrocuted!!
Ouch! That really hurt!
You die...

...............######
.........#.......#
........##.....#.#
........##>.####.#
........##### #.#
........# #.#
######### #.# #.# #@#
#.gK.....# #$.......#
{ #........#
#..........
#.#.#.##### ..#.#..
.###.####


You could see a hobgoblin and a kobold.

Vanquished Creatures
  A bat (D:1)
  An endoplasm (D:1)
  2 giant cockroaches (D:1)
  A goblin (D:1)
  4 kobolds (D:1)
  2 quokkas (D:1)
  2 rats (D:1)
13 creatures vanquished.

Notes
Turn   | Place    | Note
-------+----------+-------------------------------------------
     0 | D:1      | Bnni the Formicid Fighter began the quest for the Orb.
     0 | D:1      | Reached XP level 1. HP: 18/18 MP: 1/1
    78 | D:1      | Found a faded altar of an unknown god.
   112 | D:1      | Reached XP level 2. HP: 24/24 MP: 2/2
   464 | D:1      | Slain by a kobold

Illustrated notes

Levels and vault maps discovered:
D:1:      dpeg_arrival_boxorama, layout_basic, nicolae_ecumenical_snake_handling

Action                   || total
-------------------------++-------
Melee: Trident           ||    43
Armor: Scale mail        ||    13
Dodge: Dodged            ||    12
Block: Buckler           ||     7

Table legend: (Time is in decaauts)
 A = Elapsed time spent in this place.
 B = Non-inter-level travel time spent in this place.
 C = Inter-level travel time spent in this place.
 D = Time resting spent in this place.
 E = Time spent auto-exploring this place.
 F = Levels seen in this place.
 G = Mean time per level.
                   A        B        C        D        E       F      G
               +--------+--------+--------+--------+--------+-----+--------+
         Total |    471 |    471 |      0 |      0 |    362 |   1 |  471.0 |
       Dungeon |    471 |    471 |      0 |      0 |    362 |   1 |  471.0 |
               +--------+--------+--------+--------+--------+-----+--------+

Top non-repeatable levels by time:
     D:1: 471 daAuts
